 Dungeon Crawl Stone Soup version 0.24.1-1-gd1d2a07e1b (webtiles) character file.

Game seed: 9930724723486853663, levelgen mode: deterministic

221 Stormleaks the Cudgeler (level 5, -1/81 HPs)
             Began as an Ogre Berserker on Apr 7, 2020.
             Was a Believer of Trog.
             Slain by a worker ant (5 damage)
             ... on level 4 of the Dungeon.
             The game lasted 00:22:26 (4148 turns).

Stormleaks the Cudgeler (Ogre Berserker)            Turns: 4148, Time: 00:22:27

Health: -1/81      AC:  3    Str: 27    XL:     5   Next: 98%
Magic:  5/5        EV: 14    Int:  8    God:    Trog [**....]
Gold:   243        SH:  0    Dex:  8    Spells: 4/4 levels left

rFire    . . .     SeeInvis .   j - +0 mace (crush)
rCold    . . .     Gourm    .   (no shield)
rNeg     . . .     Faith    .   b - +0 animal skin
rPois    .         Spirit   .   (helmet restricted)
rElec    .         Reflect  .   (no cloak)
rCorr    .         Harm     .   (gloves unavailable)
MR       .....                  (boots unavailable)
Stlth    ..........             (no amulet)
HPRegen  0.23/turn              k - +4 ring of evasion
MPRegen  0.09/turn              (no ring)

@: berserking, lethally poisoned (-1 -> -7), very quick
A: large, unfitting armour, tough skin 1
a: Berserk, Trog's Hand, Renounce Religion


You were on level 4 of the Dungeon.
You worshipped Trog.
Trog was pleased with you.
You were very hungry.

You visited 1 branch of the dungeon, and saw 4 of its levels.

You collected 243 gold pieces.

Inventory:

Hand Weapons
 j - a +0 mace of crushing (weapon)
Armour
 b - a +0 animal skin (worn)
Jewellery
 k - a +4 ring of evasion (left hand)
 n - a +2 ring of protection
Scrolls
 e - a scroll of teleportation
 f - 2 scrolls of noise
 l - a scroll of remove curse {unknown}
Potions
 a - a potion of flight
 d - 2 potions of cancellation {unknown}
 g - a potion of brilliance {unknown}
 h - a potion of invisibility
 i - a potion of agility {unknown}
 m - a potion of curing
Comestibles
 c - 2 rations


   Skills:
 - Level 4.0 Fighting
 + Level 5.8 Maces & Flails
 - Level 2.7 Dodging


You had 4 spell levels left.
You didn't know any spells.
Your spell library was empty.

Dungeon Overview and Level Annotations

Branches:
Dungeon (4/15)
 Temple: D:4-7

Altars:
Qazlal


Innate Abilities, Weirdness & Mutations

You are too large for most types of armour.
You have tough skin. (AC +1)


Message History

* * * LOW HITPOINT WARNING * * *
The ogre closely misses you. The worker ant misses you.
The gnoll closely misses you.
You closely miss the worker ant.
The worker ant is almost dead.
The quokka barely misses you. The hound bites you.
* * * LOW HITPOINT WARNING * * *
The worker ant bites you!
* * * LOW HITPOINT WARNING * * *
You closely miss the worker ant.
The worker ant is almost dead.
* * * LOW HITPOINT WARNING * * *
You feel sick. The ogre closely misses you.
The hound stops to sniff the ground.
The hound barely misses you. The gnoll hits you.
* * * LOW HITPOINT WARNING * * *
The quokka bites you.
* * * LOW HITPOINT WARNING * * *
The worker ant bites you.
You die...

....... ###....
#......#......#
#...>..#.......
#......#.....#
#......#.....## +###
#......#......# ....
#.....h#g.....# ....
#.....a@O.....# . ...
#......#r.....# .. ...
#......#####.## .##. ##+
#......#..##'###.##.##..
#......#..'.............
#......#..#.............
#......#..#.............
#......#..#.........##..
#..#.........##..


You could see an ogre, a hound, a worker ant, a gnoll and a quokka.

Vanquished Creatures
  A scorpion (D:2)
  A bullfrog zombie (D:4)
  Jessica (D:3)
  4 adders
  A worm (D:2)
  A dart slug (D:1)
  3 leopard geckos
  5 orcs
  A ball python (D:3)
  10 bats
  2 giant cockroaches (D:3)
  6 goblins
  10 hobgoblins
  4 jackals
  3 frilled lizards
  A jackal skeleton (D:4)
  7 kobolds
  8 rats
69 creatures vanquished.

Notes
Turn   | Place    | Note
-------+----------+-------------------------------------------
     0 | D:1      | Stormleaks the Ogre Berserker began the quest for the Orb.
     0 | D:1      | Reached XP level 1. HP: 24/24 MP: 1/1
     2 | D:1      | Noticed a ghoul
     2 | D:1      | Noticed a tengu
     4 | D:1      | Noticed a gargoyle
     4 | D:1      | Noticed a centaur
     6 | D:1      | Noticed an elf
     8 | D:1      | Noticed a halfling
     8 | D:1      | Noticed a dwarf
    10 | D:1      | Noticed a demonspawn
    10 | D:1      | Noticed a vine stalker
    14 | D:1      | Noticed a minotaur
    14 | D:1      | Noticed a troll
    16 | D:1      | Noticed a formicid
    16 | D:1      | Noticed an octopode
    18 | D:1      | Noticed a draconian
    18 | D:1      | Noticed a vampire
    20 | D:1      | Noticed a merfolk
    22 | D:1      | Noticed a felid
    22 | D:1      | Noticed an ogre
    24 | D:1      | Noticed a demigod
    24 | D:1      | Noticed a human
    26 | D:1      | Noticed a spriggan
    26 | D:1      | Noticed a naga
   170 | D:1      | Reached skill level 3 in Maces & Flails
   499 | D:1      | Reached XP level 2. HP: 32/32 MP: 2/2
  1365 | D:1      | Reached XP level 3. HP: 36/39 MP: 3/3
  2019 | D:2      | Reached ** piety under Trog
  2068 | D:2      | Reached skill level 4 in Maces & Flails
  2332 | D:2      | Reached XP level 4. HP: 33/48 MP: 4/4
  2766 | D:3      | Reached skill level 5 in Maces & Flails
  2809 | D:3      | Reached XP level 5. HP: 47/54 MP: 5/5
  3076 | D:3      | Noticed Jessica
  3082 | D:3      | Killed Jessica
  3602 | D:3      | Found a stormy altar of Qazlal.
  4135 | D:4      | Noticed an ogre
  4148 | D:4      | HP: 4/81 [quokka (1)]
  4148 | D:4      | Slain by a worker ant

Levels and vault maps discovered:
D:1:      kb_arrival_jail, layout_basic, minmay_misc_feat_encased
D:2:      layout_basic, first_ration, minmay_misc_feat_four_crosses
D:3:      wad_crossroads, layout_basic, grunt_qazlal_clouds,
          uniq_crazy_yiuf_cottage, uniq_jessica
D:4:      layout_gridville, gammafunk_ghost_nasty_kobolds, minmay_bent,
          uniq_duvessa

Skill      XL: |  1  2  3  4 |
---------------+-------------+-----
Maces & Flails | 3 4 5 |  5.8
Fighting       | |  4.0
Dodging        | |  2.7

Action                   |  1- 3 |  4- 6 || total
-------------------------+-------+-------++-------
Melee: Mace              |   111 |   116 ||   227
Invok: Berserk           |     2 |     3 ||     5
  Use: Scroll            |     1 |     7 ||     8
       Potion            |       |     4 ||     4
  Eat: Ration            |     2 |     2 ||     4
Armor: Animal skin       |    53 |    43 ||    96
Dodge: Dodged            |    70 |   109 ||   179
